Map: Emerald City LE

Players

strength

  • Race: Terran Terran
  • League: Diamond
  • Spawn Location: 11:00

IIIIIIIIIIII

  • Race: Terran Terran
  • Spawn Location: 11:00

Zack - Winner!

  • Race: Zerg Zerg
  • Spawn Location: 5:00

Lyra - Winner!

  • Race: Zerg Zerg
  • Spawn Location: 5:00

VOD

Have the link to the VOD?

Description

I am Lyra in this replay.

Time

  • Played on: June 10, 2020, 12:49 p.m.
  • Length: 28:15
Show
View Real Time Build Order
Export as new Build Order

strength Terran 

Build Orders:  

Get SALT Encoding   

  12  0:01  SCV  
  13  0:13  SCV  
  14  0:23  Supply Depot  
  14  0:25  SCV  
  15  0:44  SCV  
  16  0:56  SCV  
  17  1:01  Barracks  
  17  1:08  SCV  
  18  1:20  SCV  
  18  1:22  Barracks  
  19  1:30  Refinery  
  19  1:33  SCV  
  20  1:45  SCV  
  21  1:50  Marine  
  22  1:56  Refinery  
  22  1:57  SCV  
  22  1:58  Supply Depot  
  23  2:13  Command Center  
  23  2:16  Bunker  
  23  2:19  Marine  
  24  2:29  Orbital Command  
  24  2:37  Marine  
  24  2:40  Factory  
  25  2:55  Marine  
  25  2:56  Barracks Reactor  
  25  2:57  Barracks Tech Lab  
  26  3:10  SCV  
  27  3:13  Marine  
  28  3:22  SCV  
  28  3:27  Supply Depot  
  29  3:28  Starport  
  29  3:29  Orbital Command  
  28  3:34  SCV  
  29  3:45  Orbital Command  
  29  3:46  Barracks Tech Lab  
  29  3:47  Cyclone  
  29  3:48  Mag-Field Accelerator  
  28  3:50  SCV  
  29  4:04  SCV  
  30  4:10  Starport  
  30  4:11  Barracks Tech Lab  
  30  4:16  Banshee  
  33  4:21  SCV  
  34  4:31  SCV  
  35  4:33  SCV, Refinery  
  35  4:38  Refinery  
  36  4:43  SCV  
  35  4:45  SCV  
  34  4:55  SCV  
  34  4:57  SCV  
  36  5:07  SCV  
  36  5:09  SCV  
  36  5:10  Hyperflight Rotors  
  36  5:11  Fusion Core  
  38  5:19  SCV  
  38  5:20  Barracks Tech Lab  
  39  5:22  SCV  
  40  5:28  Banshee  
  40  5:31  SCV  
  40  5:34  SCV  
  45  5:41  Banshee  
  48  5:43  SCV  
  48  5:46  SCV  
  48  5:49  Starport  
  50  5:55  SCV  
  51  5:58  SCV  
  52  6:07  SCV  
  52  6:10  SCV  
  54  6:14  Cloaking Field  
  54  6:20  Supply Depot  
  54  6:22  Supply Depot  
  54  6:33  Supply Depot  
  54  6:36  Command Center  
  54  6:41  SCV x2, Banshee  
  59  6:51  Banshee x2  
  59  6:52  Cyclone  
  59  6:53  SCV x2  
  70  6:59  Supply Depot, Engineering Bay  
  70  7:05  SCV x2  
  72  7:17  SCV x2  
  70  7:26  Battlecruiser  
  70  7:29  SCV  
  77  7:31  Missile Turret  
  77  7:34  Missile Turret  
  77  7:36  Missile Turret x3  
  77  7:39  Missile Turret  
  77  7:40  Missile Turret  
  77  7:51  Orbital Command  
  77  7:52  Missile Turret  
  77  7:53  SCV x2  
  79  8:08  SCV x2  
  79  8:11  Refinery  
  79  8:12  Refinery  
  81  8:15  Missile Turret  
  81  8:17  Battlecruiser  
  87  8:20  SCV x2  
  87  8:21  Weapon Refit  
  87  8:24  SCV  
  90  8:32  SCV  
  90  8:33  Battlecruiser  
  98  8:34  SCV  
  98  8:38  SCV  
  99  8:44  SCV  
  99  8:46  SCV  
  101  9:13  Command Center  
  101  9:28  Supply Depot  
  101  9:29  Supply Depot  
  101  9:33  Command Center  
  101  9:38  Command Center  
  101  9:39  SCV x3, Cyclone  
  101  9:44  Battlecruiser  
  98  9:50  Battlecruiser  
  98  9:51  SCV x3  
  107  9:56  Battlecruiser  
  113  10:03  SCV x3  
  107  10:11  Cyclone  
  110  10:15  SCV  
  110  10:21  Armory  
  111  10:24  Armory, Starport  
  111  10:28  Starport  
  111  10:31  Starport  
  111  10:34  Refinery  
  111  10:35  Planetary Fortress  
  111  10:37  SCV x3  
  114  10:48  Battlecruiser  
  114  10:49  SCV x3  
  123  11:01  SCV  
  124  11:08  Battlecruiser x2  
  124  11:09  Starport Reactor x3, Refinery, Supply Depot  
  124  11:10  Supply Depot, Missile Turret  
  124  11:11  Supply Depot, Missile Turret, Refinery  
  136  11:12  Missile Turret  
  136  11:16  Refinery, Missile Turret  
  136  11:17  SCV x3  
  139  11:19  Missile Turret  
  128  11:47  Liberator  
  128  11:48  Liberator  
  128  11:52  Battlecruiser  
  122  12:01  Liberator x2  
  113  12:04  SCV x4  
  113  12:06  Terran Ship Weapons Level 1  
  120  12:09  Terran Vehicle And Ship Armor Level 1  
  120  12:25  Planetary Fortress  
  120  12:26  SCV  
  120  12:27  SCV x3  
  124  12:38  SCV  
  124  12:39  SCV x3, Advanced Ballistics  
  124  12:42  Battlecruiser  
  124  12:43  Supply Depot  
  134  12:48  Liberator  
  134  12:50  SCV  
  134  12:51  SCV x3  
  140  13:02  SCV  
  140  13:03  SCV x3  
  138  13:11  Battlecruiser x2  
  138  13:14  SCV  
  138  13:15  SCV x3  
  142  13:25  Liberator x2  
  148  13:33  Missile Turret  
  141  13:40  SCV x5  
  143  13:41  Refinery  
  143  13:46  Refinery  
  139  13:49  Missile Turret  
  139  13:50  Battlecruiser  
  139  13:51  Liberator  
  139  13:52  SCV x5, Liberator  
  139  13:53  Missile Turret  
  155  14:04  SCV x3  
  155  14:05  SCV x2  
  159  14:16  SCV  
  155  14:18  SCV  
  155  14:19  SCV  
  155  14:21  SCV x2  
  152  14:29  SCV  
  152  14:30  SCV, Battlecruiser  
  152  14:31  SCV  
  146  14:33  SCV x2  
  145  14:39  Liberator  
  147  14:47  SCV  
  144  15:03  Command Center  
  144  15:10  Command Center  
  144  15:11  Command Center  
  144  15:15  Command Center  
  144  15:17  Supply Depot  
  144  15:20  Supply Depot x2  
  138  15:30  Missile Turret  
  138  15:31  Missile Turret  
  138  15:32  Missile Turret  
  138  15:36  Supply Depot x3, Terran Ship Weapons Level 2  
  138  15:37  Terran Vehicle And Ship Armor Level 2  
  138  15:38  Supply Depot  
  138  15:39  SCV x2  
  138  15:41  SCV, Liberator x3  
  138  15:42  Battlecruiser  
  154  15:54  Battlecruiser  
  143  16:04  Battlecruiser, Liberator x3  
  137  16:18  SCV x3  
  137  16:20  SCV  
  132  16:34  Liberator x2  
  132  16:35  Liberator  
  132  16:36  SCV x2  
  137  16:46  Liberator  
  134  16:59  SCV  
  134  17:00  SCV x3  
  114  17:09  Command Center  
  114  17:11  SCV  
  114  17:12  SCV x3  
  111  17:23  SCV, Liberator x4  
  111  17:24  SCV x3  
  127  17:35  SCV  
  127  17:36  SCV x3, Missile Turret  
  131  17:45  Sensor Tower  
  131  17:48  SCV x4  
  131  17:49  Missile Turret  
  135  17:52  Liberator x4  
  132  18:40  Liberator x3  
  132  18:41  Liberator x2  
  126  19:01  Refinery x2  
  126  19:04  Liberator x2  
  120  19:23  Liberator  
  121  19:29  Refinery  
  109  19:41  Missile Turret  
  109  19:44  Command Center, Missile Turret, Planetary Fortress  
  100  19:45  Missile Turret  
  100  19:47  Command Center  
  93  20:05  Liberator  
  94  20:38  Liberator x2  
  100  20:42  Command Center  
  100  20:47  Refinery  
  100  21:02  Battlecruiser  
  100  21:43  Missile Turret  
  100  21:45  Missile Turret  
  79  22:22  Command Center  
  79  22:25  Command Center  
  79  22:32  Missile Turret  
  79  22:34  Sensor Tower  
  79  22:41  Command Center  
  79  22:44  Orbital Command  
  72  23:17  Battlecruiser  
  72  23:18  Battlecruiser  
  78  23:34  SCV x4  
  81  23:35  Refinery  
  82  23:49  Refinery  
  82  23:54  Battlecruiser  
  88  23:56  Planetary Fortress  
  88  24:03  Missile Turret  
  88  24:07  Missile Turret x2  
  88  24:10  Sensor Tower  
  88  24:13  Missile Turret  
  88  24:15  Refinery, Missile Turret  
  88  24:18  Missile Turret  
  74  24:40  Battlecruiser  
  78  24:49  Factory  
  78  24:53  Factory Reactor  
  71  25:30  Planetary Fortress  
  71  25:42  Refinery, Missile Turret  
  71  25:43  Factory Reactor  
  71  25:44  Refinery, Missile Turret, Hellion  
  71  25:45  Hellion, Missile Turret  
  71  25:48  Raven  
  77  25:50  Orbital Command  
  77  26:03  SCV x4, Missile Turret  
  81  26:04  Missile Turret  
  81  26:06  Hellion x2, Missile Turret  
  85  26:15  SCV x4  
  89  26:21  SCV  
  89  26:22  SCV  
  91  26:27  SCV x2, Hellion, Missile Turret  
  91  26:28  SCV x2, Hellion  
  95  26:33  SCV  
  95  26:34  SCV, Battlecruiser  
  95  26:38  Hellion  
  95  26:39  SCV, Hellion  
  108  26:40  SCV x3  
  108  26:45  SCV  
  108  26:46  SCV  
  108  26:49  Hellion x2  
  108  26:51  SCV  
  107  27:00  Hellion x2  
  99  27:10  Hellion  
  99  27:11  Hellion  
  94  27:21  Hellion  
  107  27:29  Hellion  
  103  27:31  Hellion  
  103  27:55  Factory Tech Lab  
Show
View Real Time Build Order
Export as new Build Order

IIIIIIIIIIII Terran 

Build Orders: 2 Factory, Mech 

Get SALT Encoding   

  12  0:01  SCV  
  13  0:13  SCV  
  14  0:22  Supply Depot  
  14  0:25  SCV  
  15  0:44  SCV  
  16  1:02  Barracks  
  16  1:04  SCV  
  16  1:09  Refinery  
  17  1:14  Supply Depot  
  17  1:16  SCV  
  18  1:30  SCV  
  19  1:51  Bunker  
  19  1:52  Marine  
  20  1:54  Orbital Command  
  20  2:02  Command Center  
  20  2:16  Marine  
  21  2:33  SCV  
  21  2:34  Marine  
  22  3:05  Refinery, Factory  
  21  3:06  Factory  
  21  3:09  SCV  
  19  3:18  Orbital Command  
  19  3:25  SCV  
  20  3:28  Supply Depot  
  20  3:30  Supply Depot  
  20  3:37  SCV  
  21  3:45  SCV  
  22  3:48  Factory Tech Lab  
  22  3:50  Factory Tech Lab  
  22  3:52  SCV  
  23  4:10  Siege Tank  
  23  4:11  Siege Tank  
  23  4:15  SCV  
  30  4:19  Supply Depot  
  30  4:24  SCV  
  30  4:27  SCV  
  32  4:40  SCV  
  32  4:42  Supply Depot  
  33  4:59  SCV  
  34  5:01  Orbital Command, Siege Tank x2  
  34  5:05  Supply Depot  
  34  5:06  Engineering Bay  
  41  5:14  SCV  
  41  5:18  Infernal Pre-Igniter  
  41  5:26  SCV  
  41  5:27  SCV  
  43  5:39  Missile Turret  
  43  5:45  Cyclone  
  46  5:52  Missile Turret  
  46  6:15  Factory  
  46  6:25  Supply Depot  
  46  6:30  Command Center  
  46  6:35  SCV, Supply Depot  
  46  6:38  SCV, Refinery  
  48  6:40  Refinery  
  48  6:48  SCV  
  48  6:50  SCV  
  50  7:00  SCV  
  50  7:01  Factory Reactor  
  51  7:02  SCV  
  51  7:06  Factory  
  52  7:09  Factory  
  52  7:12  SCV, Factory  
  52  7:14  SCV  
  54  7:24  SCV  
  55  7:42  Armory  
  55  7:43  Armory, SCV  
  56  7:50  SCV  
  57  7:53  Factory Tech Lab x2  
  57  7:57  Factory Tech Lab  
  57  8:02  Cyclone  
  57  8:03  Cyclone  
  63  8:05  SCV  
  63  8:06  SCV  
  65  8:18  SCV, Command Center  
  65  8:19  SCV  
  67  8:26  Missile Turret  
  67  8:27  Orbital Command  
  67  8:31  SCV x2  
  69  8:40  Thor x2  
  81  8:43  SCV, Hellion  
  81  8:44  Hellion x2  
  88  8:52  Refinery  
  88  8:53  Refinery  
  88  8:55  Missile Turret  
  88  8:56  SCV  
  89  9:03  SCV, Refinery  
  89  9:05  Hellion x3, Missile Turret  
  96  9:15  SCV  
  96  9:16  SCV  
  98  9:23  Hellion x2  
  102  9:26  Hellion x3  
  102  9:29  Command Center  
  108  9:37  Orbital Command  
  108  9:45  Thor x2  
  120  9:47  Thor  
  126  9:58  Missile Turret  
  126  10:00  Missile Turret  
  112  10:18  SCV  
  112  10:20  SCV, Thor x2  
  126  10:22  SCV  
  126  10:23  SCV  
  128  10:41  Orbital Command  
  128  10:50  Refinery  
  116  11:28  Hellion  
  116  11:29  Hellion x4  
  126  11:35  Thor x7  
  126  11:50  Hellion x5  
  132  12:11  Hellion x2  
  132  12:12  Hellion x3  
  125  12:28  Drilling Claws, Smart Servos, Mag-Field Accelerator  
  125  12:32  Hellion, Thor x2  
  125  12:33  Terran Vehicle Weapons Level 1, Hellion x2, Terran Vehicle And Ship Armor Level 1  
  125  12:53  Thor  
  125  12:54  Thor x2  
  105  13:10  SCV  
  100  13:15  SCV, Thor x2  
  100  13:19  SCV  
  104  13:37  Hellion, Widow Mine x2  
  104  13:39  SCV  
  111  13:45  Supply Depot  
  111  13:46  Supply Depot x2  
  111  13:48  SCV  
  111  13:49  Supply Depot  
  111  13:51  SCV  
  113  13:57  Thor x3  
  113  13:58  Widow Mine x3  
  113  13:59  Widow Mine x2  
  121  14:10  Supply Depot  
  121  14:19  Thor x2  
  121  14:20  Hellion x2  
  121  14:22  Hellion  
  115  14:41  Hellion x2  
  115  14:44  Hellion  
  97  15:02  Widow Mine  
  97  15:03  Widow Mine x3  
  97  15:05  Widow Mine  
  107  15:08  SCV  
  108  15:15  Factory  
  108  15:18  Factory  
  108  15:19  Factory  
  108  15:23  Widow Mine  
  108  15:24  Widow Mine x3  
  108  15:27  SCV, Widow Mine  
  119  15:31  SCV  
  118  15:45  Widow Mine x4  
  118  15:46  Thor x4  
  118  15:48  Widow Mine  
  126  16:03  Command Center, Refinery  
  126  16:06  Widow Mine  
  126  16:07  Widow Mine x3  
  126  16:09  Widow Mine  
  128  16:28  Widow Mine x4  
  128  16:31  Widow Mine  
  138  16:34  Factory Tech Lab x2  
  98  16:49  Widow Mine  
  98  16:50  Widow Mine x3  
  98  16:52  Siege Tank  
  93  17:01  Missile Turret  
  93  17:10  Siege Tank  
  93  17:11  Siege Tank x3  
  93  17:14  Factory Tech Lab  
  103  17:24  Siege Tank  
  106  17:31  Planetary Fortress  
  106  17:35  Missile Turret  
  106  17:42  Siege Tank  
  106  17:43  Siege Tank x3  
  118  17:56  Siege Tank  
  121  18:10  Hellion  
  121  18:11  Hellion x2  
  117  18:14  Siege Tank  
  117  18:15  Siege Tank x3  
  117  18:28  Siege Tank  
  117  18:31  Hellion  
  117  18:32  Hellion x2  
  124  18:46  Siege Tank  
  124  18:47  Siege Tank x3  
  133  18:53  Hellion x3  
  139  19:01  Hellion  
  134  19:14  Hellion  
  134  19:15  Hellion x2  
  130  19:19  Hellion x4  
  130  19:21  Thor  
  125  19:36  Hellbat, Thor x2  
  128  19:40  Thor x4  
  147  19:56  Thor  
  137  20:04  Thor  
  121  20:18  Thor x2  
  133  20:22  Thor  
  133  20:23  Thor x3  
  149  20:35  Terran Vehicle And Ship Armor Level 2  
  149  20:39  Thor  
  155  20:47  Thor  
  155  20:48  SCV  
  162  20:50  SCV  
  163  21:01  Thor  
  169  21:06  Hellion  
  169  21:08  Hellion x2  
  169  21:12  Command Center  
  169  21:23  Hellion  
  171  21:32  Supply Depot  
  171  21:33  Supply Depot  
  179  21:54  Hellion x5, Thor  
  179  21:57  Command Center  
  187  22:06  Command Center  
  187  22:18  Supply Depot  
  187  22:31  Thor x13  
  187  22:40  Hellion, Thor  
  195  22:56  SCV  
  196  22:59  Hellion x3  
  196  23:01  Hellion  
  195  23:09  Hellion  
  197  23:23  Hellion  
  197  23:25  Hellion  
  197  23:26  Hellion x5  
  191  23:30  Hellion  
  181  23:45  Hellion  
  181  23:46  Hellion  
  181  23:47  Hellion x5  
  192  23:52  Hellion  
  190  24:06  Hellion  
  190  24:08  Hellion x4  
  190  24:09  Planetary Fortress  
  194  24:32  Thor x12  
  142  25:18  Thor  
  142  25:19  Thor x2  
  104  25:28  SCV  
  104  25:32  Thor  
  65  25:54  Missile Turret  
  65  25:58  Hellion  
  65  25:59  Hellion x3  
  65  26:02  Hellion  
  3  27:09  SCV  
  3  27:10  SCV  
  5  27:23  SCV  
Show
View Real Time Build Order
Export as new Build Order

Zack Zerg - Winner!

Build Orders: Hatch First, Brood Lord Corruptor 

Get SALT Encoding   

  12  0:02  Drone  
  13  0:09  Drone  
  14  0:17  Overlord  
  14  0:36  Drone x3  
  17  0:48  Drone  
  18  1:00  Hatchery  
  18  1:02  Drone  
  18  1:06  Extractor  
  17  1:15  Spawning Pool  
  16  1:20  Drone  
  16  1:21  Drone  
  18  1:31  Drone  
  19  1:41  Overlord  
  19  2:06  Queen  
  21  2:08  Drone  
  21  2:09  Drone  
  21  2:14  Drone  
  24  2:17  Queen  
  24  2:20  Spine Crawler  
  24  2:21  Spine Crawler  
  24  2:26  Spine Crawler  
  23  2:35  Spine Crawler  
  22  2:43  Spine Crawler  
  22  2:59  Drone x3  
  22  3:00  Drone x3  
  28  3:15  Drone  
  29  3:34  Metabolic Boost  
  29  3:35  Drone x4  
  29  3:36  Drone x3  
  36  4:02  Overlord x2  
  36  4:03  Overlord  
  36  4:09  Overlord  
  36  4:19  Hatchery  
  36  4:20  Queen  
  37  4:29  Lair, Extractor  
  37  4:30  Drone  
  37  4:31  Drone  
  38  4:32  Drone x5  
  43  4:38  Drone x2  
  43  4:39  Drone  
  46  4:48  Zergling x8  
  46  4:50  Zergling x2  
  51  4:53  Extractor  
  51  4:54  Extractor  
  49  5:01  Drone  
  49  5:04  Zergling x2  
  51  5:25  Zergling x8  
  51  5:27  Hatchery  
  54  5:34  Zergling x2, Drone x2  
  57  5:39  Drone x2, Spire  
  58  5:43  Queen, Drone  
  58  5:44  Drone  
  58  6:09  Queen  
  58  6:14  Drone x2  
  58  6:17  Drone  
  58  6:18  Hydralisk Den, Drone x3  
  63  6:19  Drone  
  63  6:21  Drone  
  63  6:22  Drone x5  
  63  6:23  Extractor x2  
  68  6:50  Overlord x3  
  68  6:51  Overlord x2  
  68  6:52  Zerg Flyer Weapons Level 1  
  68  6:53  Mutalisk x2  
  72  6:55  Overlord x2  
  72  7:09  Extractor  
  72  7:10  Spore Crawler  
  72  7:11  Spore Crawler  
  72  7:12  Extractor  
  72  7:15  Spore Crawler  
  61  7:26  Overseer x3  
  61  7:27  Pneumatized Carapace  
  61  7:32  Spore Crawler  
  60  7:38  Queen, Drone x3  
  60  7:42  Queen  
  67  7:45  Drone x9  
  76  7:52  Drone  
  77  7:59  Infestation Pit, Grooved Spines  
  77  8:01  Drone  
  77  8:02  Drone x8  
  85  8:07  Drone x2  
  87  8:20  Drone  
  87  8:21  Drone  
  89  8:40  Hive  
  89  8:47  Lurker Den  
  88  8:54  Drone x2  
  88  8:55  Drone  
  91  8:59  Lurker Den  
  87  9:03  Mutalisk  
  87  9:04  Mutalisk x6  
  87  9:06  Corruptor x5  
  87  9:07  Corruptor  
  113  9:10  Muscular Augments  
  113  9:22  Spore Crawler  
  112  9:30  Spore Crawler  
  110  9:34  Overseer  
  110  9:35  Queen  
  110  9:51  Extractor  
  106  10:10  Corruptor x5  
  116  10:14  Queen  
  118  10:22  Greater Spire  
  118  10:23  Evolution Chamber x2  
  118  10:26  Spire  
  118  10:27  Adaptive Talons  
  115  10:29  Seismic Spines  
  115  10:30  Overseer x2  
  115  10:35  Spore Crawler  
  114  10:40  Corruptor x2  
  114  10:41  Zergling x2  
  114  10:42  Zergling x12  
  123  11:25  Adrenal Glands  
  123  11:28  Hydralisk  
  123  11:29  Hydralisk  
  123  11:31  Overlord x6  
  123  11:32  Overlord  
  127  11:44  Corruptor x3  
  104  12:07  Mutalisk x6  
  104  12:08  Mutalisk  
  114  12:20  Hydralisk x6  
  126  12:23  Lurker x2  
  126  12:25  Corruptor x4  
  126  12:28  Brood Lord x2  
  126  12:29  Brood Lord x5  
  150  12:31  Corruptor x2  
  150  12:34  Zergling x2  
  150  12:35  Zergling x10  
  145  13:01  Hatchery  
  130  13:13  Hydralisk x6  
  134  13:33  Hydralisk  
  134  13:34  Hydralisk x4  
  134  13:35  Zergling x4  
  134  13:36  Zergling x6  
  134  13:37  Zergling x6  
  150  13:53  Hydralisk x2  
  150  13:54  Hydralisk x2  
  158  13:56  Corruptor  
  134  14:25  Corruptor  
  134  14:26  Corruptor x4  
  134  14:27  Corruptor  
  102  14:40  Corruptor  
  102  14:42  Overlord x2, Corruptor  
  100  14:50  Drone x3  
  103  14:56  Hydralisk  
  103  14:57  Hydralisk  
  107  15:04  Drone x2  
  107  15:07  Zerg Flyer Weapons Level 2  
  109  15:16  Extractor  
  109  15:17  Extractor  
  107  15:32  Zergling x4  
  107  15:33  Zergling x2, Corruptor x4  
  110  16:20  Zerg Missile Weapons Level 1, Zerg Ground Armor Level 1  
  110  16:22  Drone  
  110  16:23  Drone x2  
  110  16:25  Evolution Chamber, Drone x5  
  117  16:26  Drone  
  117  16:28  Drone  
  117  16:29  Drone x2  
  121  16:36  Corruptor  
  121  16:37  Corruptor x2  
  121  16:38  Corruptor  
  121  16:39  Corruptor x4  
  132  17:00  Corruptor x3  
  132  17:01  Corruptor  
  138  17:07  Queen  
  142  17:20  Zergling x8, Hydralisk  
  142  17:21  Hydralisk x2  
  142  17:22  Hydralisk x2  
  154  17:50  Zerg Flyer Weapons Level 3  
  154  17:52  Zerg Flyer Armor Level 1, Overseer  
  154  17:54  Overlord x4  
  154  17:59  Zergling x10  
  154  18:01  Zerg Melee Weapons Level 1  
  154  18:05  Overseer  
  159  18:08  Drone x2  
  161  18:13  Brood Lord x5  
  161  18:19  Overseer x3  
  171  18:25  Hydralisk x8  
  171  18:26  Hydralisk  
  189  18:30  Lurker x5  
  165  19:30  Hydralisk x3  
  165  19:31  Hydralisk x4  
  169  19:32  Hydralisk x2  
  175  19:45  Corruptor x3  
  149  19:54  Hydralisk x3  
  149  19:55  Hydralisk  
  149  19:56  Zergling x4  
  149  19:57  Zergling x2  
  139  20:10  Hydralisk  
  139  20:11  Corruptor  
  139  20:12  Corruptor x2  
  139  20:14  Corruptor  
  141  20:25  Hydralisk  
  141  20:28  Zerg Ground Armor Level 2, Zerg Missile Weapons Level 2  
  143  20:29  Zerg Melee Weapons Level 2  
  143  20:30  Zerg Flyer Armor Level 2  
  139  20:46  Lurker  
  139  20:47  Lurker x5  
  139  20:48  Lurker  
  146  21:00  Hatchery  
  146  21:02  Zergling x4  
  146  21:03  Zergling x6  
  137  22:10  Hydralisk x6  
  137  22:11  Hydralisk  
  137  22:12  Hydralisk x5  
  137  22:13  Hydralisk  
  137  22:14  Hydralisk x5  
  173  22:30  Hydralisk  
  173  22:31  Hydralisk x3, Extractor  
  173  22:33  Extractor  
  139  23:07  Lurker x2  
  139  23:08  Lurker x3  
  139  23:09  Hydralisk  
  139  23:10  Zergling x6  
  127  23:34  Zergling x4  
  115  23:37  Zergling x6  
  99  23:42  Zergling x6  
  99  23:47  Zergling x2  
  99  23:48  Zergling x4  
  99  23:49  Zergling x10  
  99  23:50  Zergling x4  
  99  23:52  Zergling x2  
  99  23:55  Zergling x2  
  110  23:58  Zergling x6  
  113  24:23  Brood Lord x3  
  119  24:27  Zergling x10  
  102  24:54  Zergling x6  
  100  25:06  Mutalisk x2  
  102  25:08  Corruptor  
  106  25:15  Zergling x2  
  106  25:16  Zergling x10  
  112  25:22  Zergling x10  
  111  25:45  Zergling x6  
  111  25:48  Zergling x10  
  111  25:49  Zergling x4  
  122  25:50  Zergling x6  
  122  25:51  Zergling x6  
  122  25:53  Zergling x14  
  122  25:55  Zergling x2  
  122  25:56  Zergling x10  
  129  26:16  Zergling x6  
  129  26:17  Zergling x6  
  133  26:18  Zergling x6  
  122  26:42  Brood Lord x3  
  122  26:43  Hydralisk  
  128  26:59  Zergling x2  
  128  27:00  Zergling x4  
  131  27:02  Zergling x10  
  131  27:03  Zergling x2  
  137  27:09  Zergling x6  
Show
View Real Time Build Order
Export as new Build Order

Lyra Zerg - Winner!

Build Orders: Pool First 

Get SALT Encoding   

  12  0:01  Drone  
  13  0:13  Overlord  
  13  0:17  Drone  
  14  0:31  Drone x2  
  16  0:36  Drone  
  17  0:46  Spawning Pool  
  17  0:50  Drone  
  17  0:59  Drone  
  18  1:14  Hatchery  
  18  1:17  Extractor  
  16  1:23  Drone x2  
  18  1:33  Zergling x2  
  18  1:38  Roach Warren  
  18  1:44  Queen  
  20  1:48  Drone  
  20  1:53  Drone  
  22  2:16  Overlord  
  21  2:29  Roach x3  
  27  2:36  Spine Crawler  
  26  2:48  Roach  
  28  3:03  Roach  
  30  3:07  Queen x2  
  34  3:19  Roach  
  36  3:21  Overlord x2  
  34  3:44  Roach  
  34  3:45  Roach x2  
  40  3:58  Drone x4  
  44  4:04  Drone  
  45  4:14  Overlord  
  45  4:16  Overlord  
  45  4:17  Drone  
  45  4:20  Drone x2  
  48  4:26  Drone  
  48  4:27  Drone x2  
  48  4:28  Overlord  
  51  4:34  Drone  
  50  4:46  Roach  
  50  4:47  Roach  
  54  4:54  Drone x5  
  51  5:01  Lair  
  51  5:03  Drone x3  
  54  5:08  Drone, Extractor  
  54  5:10  Extractor  
  53  5:15  Drone  
  54  5:24  Drone x2  
  54  5:25  Drone x2  
  58  5:37  Overlord x2  
  58  5:44  Drone x2, Extractor  
  58  5:45  Drone  
  58  5:48  Baneling Nest  
  59  5:50  Hatchery  
  59  5:52  Drone  
  59  5:53  Drone x3  
  59  5:54  Drone  
  63  5:59  Evolution Chamber  
  63  6:03  Evolution Chamber  
  61  6:14  Spire  
  60  6:19  Drone x3  
  63  6:30  Zerg Missile Weapons Level 1  
  63  6:31  Zerg Ground Armor Level 1  
  63  6:36  Metabolic Boost  
  63  6:38  Zergling x14  
  63  6:39  Zergling x2  
  71  6:54  Centrifical Hooks  
  71  7:01  Spine Crawler x2  
  71  7:03  Spine Crawler  
  71  7:04  Spine Crawler, Drone x3  
  71  7:05  Drone x2  
  72  7:15  Spore Crawler  
  71  7:16  Spore Crawler  
  71  7:18  Spore Crawler  
  71  7:21  Baneling x8  
  71  7:22  Baneling  
  69  7:28  Spore Crawler  
  68  7:35  Glial Reconstitution  
  68  7:39  Drone x3  
  68  7:40  Drone x3  
  74  7:49  Pneumatized Carapace  
  74  7:53  Drone  
  74  7:54  Drone x5  
  74  7:56  Extractor  
  79  8:00  Extractor  
  78  8:17  Spore Crawler, Roach x2  
  78  8:18  Spore Crawler  
  80  8:23  Spine Crawler x2  
  80  8:25  Overseer  
  78  8:27  Overlord  
  78  8:28  Overlord x2  
  78  8:29  Overlord  
  78  8:31  Overlord  
  78  8:39  Drone x2  
  78  8:40  Drone x2  
  82  8:47  Drone  
  82  8:48  Drone x3  
  84  8:49  Drone  
  84  8:53  Overseer  
  87  9:02  Zerg Missile Weapons Level 2  
  86  9:03  Zerg Ground Armor Level 2  
  86  9:06  Hydralisk Den  
  85  9:15  Roach x4  
  93  9:21  Hatchery  
  92  9:25  Overlord x2  
  92  9:26  Overlord  
  92  9:27  Infestation Pit  
  91  9:35  Overseer  
  91  9:40  Roach  
  91  9:41  Roach x5  
  91  9:42  Overlord  
  103  9:55  Roach x6  
  96  10:11  Grooved Spines  
  96  10:13  Roach x4  
  94  10:17  Hive  
  94  10:19  Drone x2  
  96  10:33  Drone  
  96  10:34  Drone x4  
  101  10:36  Drone x2  
  101  10:39  Queen  
  101  10:41  Queen  
  107  10:50  Drone x7  
  107  10:53  Ravager x9  
  107  10:54  Ravager x5  
  128  10:58  Overlord  
  128  10:59  Overlord x2  
  128  11:11  Spine Crawler, Extractor  
  127  11:12  Spine Crawler, Drone  
  127  11:13  Spore Crawler, Drone x2  
  127  11:14  Spore Crawler, Drone  
  127  11:28  Muscular Augments  
  127  11:30  Zerg Ground Armor Level 3, Zerg Missile Weapons Level 3  
  125  11:35  Overseer x3  
  113  11:54  Roach  
  113  11:55  Roach x14  
  134  12:11  Roach x8  
  133  12:30  Roach  
  133  12:32  Overlord x3  
  133  12:33  Overlord x4  
  135  12:49  Roach x3  
  135  12:50  Roach x2  
  117  13:00  Hydralisk x14  
  145  13:12  Hydralisk  
  141  13:13  Hydralisk x5  
  131  13:34  Extractor  
  131  13:35  Viper x3  
  131  13:56  Roach  
  131  13:57  Roach x19  
  171  14:14  Roach x6  
  183  14:29  Overlord x3  
  153  14:50  Roach x17  
  155  14:59  Hydralisk  
  145  15:00  Hydralisk  
  149  15:13  Hydralisk  
  149  15:14  Hydralisk x5  
  161  15:26  Spore Crawler  
  161  15:27  Spore Crawler  
  161  15:28  Spore Crawler x2, Drone x7  
  165  15:30  Spore Crawler x3  
  161  15:41  Hydralisk x6  
  161  15:42  Hydralisk x6  
  173  16:04  Hydralisk x8  
  173  16:05  Hydralisk  
  187  16:31  Roach  
  187  16:32  Roach x11  
  191  16:45  Roach  
  191  16:46  Roach x10  
  199  16:51  Ravager  
  157  17:25  Ravager x16  
  157  17:27  Zergling x6  
  157  17:28  Zergling x26  
  189  17:39  Hatchery  
  180  17:57  Spore Crawler  
  179  17:58  Spore Crawler  
  179  17:59  Spore Crawler x3  
  175  18:12  Greater Spire  
  175  18:13  Hydralisk x11  
  175  18:17  Zerg Melee Weapons Level 1  
  197  18:21  Pathogen Glands  
  134  18:53  Roach  
  134  18:54  Roach x14  
  152  19:22  Spine Crawler, Extractor  
  152  19:23  Spine Crawler, Spore Crawler, Extractor  
  147  19:25  Spore Crawler  
  91  19:41  Roach x15  
  111  19:58  Spine Crawler  
  111  19:59  Zerg Flyer Armor Level 1, Spine Crawler  
  102  20:01  Hatchery  
  101  20:27  Roach x2  
  101  20:28  Roach x13  
  105  20:36  Hydralisk x3  
  105  20:37  Hydralisk  
  109  20:47  Spire  
  104  21:15  Corruptor  
  104  21:16  Corruptor x6  
  110  21:29  Corruptor  
  112  21:33  Drone x11  
  107  21:51  Drone x11  
  112  21:58  Brood Lord  
  112  22:00  Brood Lord  
  112  22:09  Corruptor  
  112  22:10  Brood Lord x2, Corruptor  
  116  22:18  Spine Crawler  
  116  22:19  Spine Crawler  
  114  22:23  Spine Crawler x2  
  114  22:24  Spine Crawler  
  111  22:46  Brood Lord x3  
  111  22:50  Zergling x20  
  127  23:03  Roach x8  
  142  23:27  Extractor  
  142  23:28  Extractor  
  142  23:33  Brood Lord  
  142  23:36  Ravager  
  142  23:39  Hatchery  
  142  23:41  Hatchery  
  139  24:00  Spore Crawler, Roach x10  
  150  24:14  Spore Crawler x2  
  148  24:17  Spore Crawler  
  148  24:20  Spore Crawler x2  
  148  24:22  Spine Crawler  
  138  24:25  Spine Crawler  
  138  24:27  Spine Crawler, Spore Crawler x2  
  130  24:38  Roach x16  
  162  24:53  Roach x5  
  160  25:12  Roach x6  
  160  25:13  Roach  
  136  25:24  Roach x3  
  106  25:48  Ravager  
  106  25:49  Ravager x8  
  115  26:00  Roach  
  115  26:01  Roach x6  
  129  26:14  Spore Crawler, Extractor  
  129  26:15  Extractor  
  129  26:16  Spore Crawler x2  
  129  26:17  Spine Crawler, Drone x2  
  110  26:46  Roach x11  
  102  27:25  Roach  
  102  27:26  Roach x13  
  106  27:39  Roach x5  
  116  27:55  Roach  
  116  27:56  Roach x5  
Tags
 
Add a new tag
Caveats
  • Supply blocks, unpowered buildings, or Contaminate may cause inaccurate times.
  • Supply counts are checked every 10 seconds.